 Dungeon Crawl Stone Soup version 0.27-a0-1319-geec4fb4e21 (webtiles) character file.

Game seed: 4328013140513637433

76 lessens the Stinger (level 3, -4/26 HPs)
             Began as a Demigod Venom Mage on June 21, 2021.
             Succumbed to a goblin's poison
             ... on level 2 of the Dungeon.
             The game lasted 00:03:21 (3058 turns).

lessens the Stinger (Demigod Venom Mage)            Turns: 3058, Time: 00:03:22

Health: -4/26      AC:  2    Str:  9    XL:     3   Next: 89%
Magic:  3/9        EV: 12    Int: 21    God:
Gold:   73         SH:  0    Dex: 14    Spells: 0/6 levels left

rFire    . . .     SeeInvis .   e - +0 short sword
rCold    . . .     Faith    .   (no shield)
rNeg     . . .     Spirit   .   a - +0 robe
rPois    .         Reflect  .   (no helmet)
rElec    .         Harm     .   (no cloak)
rCorr    .         Rampage  .   (no gloves)
Will     .....                  (no boots)
Stlth    ++........             (no amulet)
HPRegen  0.08/turn              (no ring)
MPRegen  0.11/turn              (no ring)

@: lethally poisoned (-4 -> -35)
A: high mp 1, forlorn
a: no special abilities


You were on level 2 of the Dungeon.
You visited 1 branch of the dungeon, and saw 2 of its levels.

You collected 73 gold pieces.

Inventory:

Hand Weapons
 e - a +0 short sword (weapon)
Missiles
 b - 7 stones
 h - 9 javelins
Armour
 a - a +0 robe (worn)
Scrolls
 d - a scroll of enchant armour {unknown}
 f - a scroll of immolation {unknown}
 g - a scroll of enchant weapon {unknown}


   Skills:
 - Level 1.9 Dodging
 + Level 2.8 Stealth
 + Level 2.4 Spellcasting
 - Level 1.0 Transmutations
 + Level 3.3 Poison Magic


You couldn't memorise any spells.
You knew the following spells:

 Your Spells              Type           Power      Damage    Failure   Level
a - Sting                 Tmut/Pois      44%        1d5       6%          1
b - Poisonous Vapours     Pois/Air       18%        N/A       11%         2
c - Mephitic Cloud        Conj/Pois/Air  7%         N/A       26%         3

Your spell library contained the following spells:

 Spells                   Type           Power      Damage    Failure   Level
 Ignite Poison            Fire/Tmut/Pois 8%         N/A       22%         3
 Olgreb's Toxic Radiance  Pois           16%        N/A       34%         4


Dungeon Overview and Level Annotations

Branches:
Dungeon (2/15)


Innate Abilities, Weirdness & Mutations

Your attributes grow dramatically as you level up.
You have an increased reservoir of magic. (+10% MP)
You shall have no god before yourself.


Message History

The sting hits the bat.
The bat looks even sicker.
You kill the bat!
There is an open door here.
The goblin drinks a potion.
The goblin seems to grow stronger.
Aiming: Sting (safe; 6% risk of failure)
Press: ? - help, Q - select action, (/) - cycle Shift-Dir - straight line, f - goblin
Aim: a goblin, wielding a +1 dagger of venom and wearing a +0 leather armour (strong, 64% to hit)
The sting misses the goblin.
The goblin hits you but does no damage.
Aiming: Sting (safe; 6% risk of failure)
Press: ? - help, Q - select action, (/) - cycle Shift-Dir - straight line, f/p - goblin
Aim: a goblin, wielding a +1 dagger of venom and wearing a +0 leather armour (strong, 64% to hit)
The sting misses the goblin.
The goblin hits you with a +1 dagger of venom.
You are poisoned.
Aiming: Sting (safe; 6% risk of failure)
Press: ? - help, Q - select action, (/) - cycle Shift-Dir - straight line, f/p - goblin
Aim: a goblin, wielding a +1 dagger of venom and wearing a +0 leather armour (strong, 64% to hit)
The sting misses the goblin.
You feel very sick.
The goblin hits you with a +1 dagger of venom.
You are lethally poisoned!
It was a potion of heal wounds.
You feel much better.
You feel very sick.
The goblin hits you with a +1 dagger of venom.
You are lethally poisoned!
You feel extremely sick.
There is an open door here.
Casting: Sting (safe; 6% risk of failure)
Confirm with . or Enter, or press ? or * to list all spells.
Aiming: Poisonous Vapours (safe; 11% risk of failure)
Press: ? - help, Dir - move target, f/p - goblin
Aim: a goblin, wielding a +1 dagger of venom and wearing a +0 leather armour (strong) Poisonous vapours surround the goblin!
The goblin is poisoned.
* * * LOW HITPOINT WARNING * * *
You feel very sick.
The goblin hits you with a +1 dagger of venom.
* * * LOW HITPOINT WARNING * * *
You are more poisoned.
You die...

#.#.##.#####<###.##
###### #.#.##....)..#
#.# #.. #.......######
#.# #.# #.#.....# #'##
#.#####.# #...## #.#
##.# #.....# #.####..#
##.......
#.......####†?...... .
####......@'g....... .
###...####........ .
#.......###....... .
##.###.#.# #.....#
#......#.# #...##
#..##..#.# #'###
#......#.# #.#.##
#...#.##.# #....##
#.....##.######.....##


You could see a goblin (strong, poisoned).

Vanquished Creatures
  2 adders (D:2)
  A worm (D:2)
  A dart slug (D:2)
  5 endoplasms
  A giant cockroach (D:1)
  3 hobgoblins
  6 jackals
  6 kobolds
  3 quokkas
  3 ball pythons
  7 bats
  3 frilled lizards
  3 goblins (D:1)
  4 rats
48 creatures vanquished.

Notes
Turn   | Place    | Note
-------+----------+-------------------------------------------
     0 | D:1      | lessens the Demigod Venom Mage began the quest for the Orb.
     0 | D:1      | Reached XP level 1. HP: 14/14 MP: 5/5
   327 | D:1      | Reached skill level 1 in Transmutations
   701 | D:1      | Reached XP level 2. HP: 20/20 MP: 2/7
  1384 | D:1      | Reached skill level 3 in Poison Magic
  1803 | D:2      | Reached XP level 3. HP: 26/26 MP: 2/8
  2887 | D:2      | Learned a level 2 spell: Poisonous Vapours
  2891 | D:2      | Learned a level 3 spell: Mephitic Cloud
  3058 | D:2      | Succumbed to a goblin's poison

Illustrated notes

Levels and vault maps discovered:
D:1:      lightli_arrival_noodles, layout_loops_corners
D:2:      layout_loops_corners, ebering_ecumenical_altar_rust

Skill      XL: |  1  2 |
---------------+-------+-----
Stealth        | 2 |  2.8
Transmutations | 1 |  1.0
Spellcasting   | 2 |  2.4
Poison Magic   | 3 |  3.3
Dodging        | |  1.9

Action                   || total
-------------------------++-------
Melee: Short sword       ||    24
 Cast: Sting             ||   111
       Poisonous Vapours ||     1
  Use: Potion            ||     1
Armor: Robe              ||    15
Dodge: Dodged            ||    38

Table legend: (Time is in decaauts)
 A = Elapsed time spent in this place.
 B = Non-inter-level travel time spent in this place.
 C = Inter-level travel time spent in this place.
 D = Time resting spent in this place.
 E = Time spent auto-exploring this place.
 F = Levels seen in this place.
 G = Mean time per level.
                   A        B        C        D        E       F      G
               +--------+--------+--------+--------+--------+-----+--------+
         Total |   3059 |   3013 |     46 |      0 |   2711 |   2 | 1529.5 |
       Dungeon |   3059 |   3013 |     46 |      0 |   2711 |   2 | 1529.5 |
               +--------+--------+--------+--------+--------+-----+--------+

Top non-repeatable levels by time:
     D:1: 1678 daAuts
     D:2: 1380 daAuts
